 Dungeon Crawl Stone Soup version 0.25-a0-1133-g93ebf73 (webtiles) character file.

Game seed: 18202885654050243255, levelgen mode: deterministic

111 thirtiethelement the Skirmisher (level 4, -3/37 HPs)
             Began as a Demonspawn Abyssal Knight on May 22, 2020.
             Was a Believer of Lugonu.
             Slain by a wyvern (11 damage)
             ... on level 4 of the Dungeon.
             The game lasted 00:09:32 (1983 turns).

thirtiethelement the Skirmisher (DsAK)              Turns: 1983, Time: 00:09:33

Health: -3/37      AC: 10    Str: 14    XL:     4   Next: 62%
Magic:  5/5        EV: 11    Int: 13    God:    Lugonu [**....]
Gold:   132        SH:  0    Dex: 12    Spells: 3/3 levels left

rFire    . . .     SeeInvis .   a - +1 falchion
rCold    + . .     Gourm    .   (no shield)
rNeg     . . .     Faith    .   b - +0 leather armour
rPois    .         Spirit   .   (no helmet)
rElec    .         Reflect  .   (no cloak)
rCorr    .         Harm     .   d - +0 pair of gloves
MR       .....                  (no boots)
Stlth    +.........             (no amulet)
HPRegen  0.12/turn              h - ring of protection from cold
MPRegen  0.09/turn              (no ring)

@: sanguine armour
A: powered by pain 1, sanguine armour 1
a: Depart the Abyss, Bend Space, Renounce Religion


You were on level 4 of the Dungeon.
You worshipped Lugonu.
Lugonu was pleased with you.
You were not hungry.

You visited 1 branch of the dungeon, and saw 4 of its levels.
You visited the Abyss 1 time.

You collected 132 gold pieces.

Inventory:

Hand Weapons
 a - a +1 falchion (weapon)
 p - a +0 short sword of venom
Missiles
 o - 10 atropa-tipped darts (quivered)
Armour
 b - a +0 leather armour (worn)
 d - a +0 pair of gloves (worn)
Jewellery
 h - a ring of protection from cold (left hand)
Wands
 f - a wand of polymorph (4)
Scrolls
 g - 3 scrolls of identify
 j - a scroll of magic mapping {unknown}
 l - a scroll of enchant weapon {unknown}
 m - a scroll of enchant armour {unknown}
 n - 2 scrolls of remove curse
Potions
 e - a potion of lignification {unknown}
 i - a potion of flight {unknown}
 k - 2 potions of curing {unknown}
Comestibles
 c - 7 rations


   Skills:
 + Level 4.0 Fighting
 + Level 3.1 Long Blades
 + Level 2.1 Armour
 + Level 1.3 Dodging
 + Level 1.0 Stealth
 + Level 2.4 Invocations


You had 3 spell levels left.
You didn't know any spells.
Your spell library was empty.

Dungeon Overview and Level Annotations

Branches:
Dungeon (3/15)

Altars:


Innate Abilities, Weirdness & Mutations

You sometimes gain a little power by taking damage.
When seriously injured, your bleeding wounds create armour. (AC +6)


Message History

Aiming: Polymorph
Press: ? - help, Shift-Dir - straight line, f/p - black bear
Aim: a black bear (chance to defeat MR: 46%)
The black bear evaporates and reforms as a wyvern!
As you read the scroll labeled ADYDYO OKITZYI, it crumbles to dust.
It is a scroll of identify.
n - 2 scrolls of remove curse The wyvern bites you.
You hit the wyvern but do no damage. The wyvern misses you.
You riposte.
You hit the wyvern but do no damage. You hit the wyvern.
The wyvern is lightly wounded.
The wyvern barely misses you. The wyvern bites you!
* * * LOW HITPOINT WARNING * * *
You closely miss the wyvern.
The wyvern is lightly wounded.
The wyvern bites you.
* * * LOW HITPOINT WARNING * * *
The wyvern bites you!
You die...

.# .# ## .. .# ##.
.# . # #.. .# .###
#.#.# .# ...#
#.#)###.# .#.#
######.[))l@.#
.#.###...####.#####
.........O....#
##.###...######
##.# ##### ...#
####


You could see a wyvern.

Vanquished Creatures
  An orc wizard (D:4)
  2 adders (D:2)
  3 worms (D:2)
  A dart slug (D:1)
  4 leopard geckos
  2 orcs (D:4)
  7 bats
  6 goblins
  7 hobgoblins
  2 jackals (D:2)
  A quokka (D:2)
  3 frilled lizards
  4 kobolds
  4 rats
47 creatures vanquished.

Notes
Turn   | Place    | Note
-------+----------+-------------------------------------------
     0 | Abyss:1  | thirtiethelement the Demonspawn Abyssal Knight began the
                  | quest for the Orb.
     0 | Abyss:1  | Reached XP level 1. HP: 18/18 MP: 2/2
    23 | Abyss:2  | Found a shimmering altar of Xom.
    77 | Abyss:2  | Noticed a spatial vortex
    77 | Abyss:2  | Noticed a spatial vortex
    79 | Abyss:2  | Noticed a spatial vortex
    87 | Abyss:2  | Noticed a quasit
    93 | Abyss:2  | Noticed a large abomination
    93 | Abyss:2  | Noticed a tentacled starspawn
    94 | D:1      | Escaped the Abyss
   460 | D:1      | Reached skill level 1 in Dodging
   460 | D:1      | Gained mutation: When seriously injured, your bleeding
                  | wounds create armour. (AC +6) [demonic ancestry]
   460 | D:1      | Reached XP level 2. HP: 22/24 MP: 3/3
   527 | D:1      | Reached * piety under Lugonu
   870 | D:2      | Reached XP level 3. HP: 14/29 MP: 4/4
  1596 | D:2      | Reached skill level 1 in Stealth
  1596 | D:2      | Gained mutation: You sometimes gain a little power by
                  | taking damage. [demonic ancestry]
  1596 | D:2      | Reached XP level 4. HP: 22/37 MP: 5/5
  1799 | D:3      | You fall into a shaft and drop 1 floor!
  1842 | D:4      | Reached ** piety under Lugonu
  1842 | D:4      | Reached skill level 4 in Fighting
  1967 | D:4      | Noticed an ogre
  1978 | D:4      | Noticed a black bear
  1978 | D:4      | an ogre changed into a black bear
  1979 | D:4      | Noticed a wyvern
  1979 | D:4      | a black bear changed into a wyvern
  1983 | D:4      | Slain by a wyvern

Illustrated notes

Levels and vault maps discovered:
D:1:      dpeg_arrival_erosion, layout_loops_ring, st_stairs_10
D:2:      layout_basic, kennysheep_generic_room_11
D:3:      cheibrodos_pilgrimage, layout_basic, lightli_temple_of_fire,
          first_ration
D:4:      layout_loops_cross, hangedman_decor_opposing

Skill      XL: |  1  2  3  4 |
---------------+-------------+-----
Dodging        | 1 |  1.3
Long Blades    | 2 3 |  3.1
Armour         | 2 |  2.1
Stealth        | 1 |  1.0
Fighting       | 4 |  4.0
Invocations    | |  2.4

Action                   |  1- 3 |  4- 6 || total
-------------------------+-------+-------++-------
Melee: Falchion          |   142 |    26 ||   168
Invok: Depart the Abyss  |     1 |       ||     1
Evoke: Wand              |       |     2 ||     2
  Use: Scroll            |     1 |     1 ||     2
 Stab: Sleeping          |     2 |       ||     2
  Eat: Ration            |     1 |       ||     1
Armor: Leather armour    |    59 |    15 ||    74
Dodge: Dodged            |    89 |    24 ||   113
       Rpst.: Falchion   |    23 |     8 ||    31

Table legend:
 A = Non-vault XP
 B = Vault XP
 C = Vault XP percentage of total XP
 D = Non-vault monster count
 E = Vault monster count
 F = Vault count percentage of total count
                 A         B        C        D         E       F
            +---------+---------+-------+---------+---------+-------
      Total |     155 |       4 |   2.5 |      45 |       2 |   4.3
            +---------+---------+-------+---------+---------+-------
        D:1 |      29 |       4 |  12.1 |      15 |       2 |  11.8
        D:2 |      80 |       0 |   0.0 |      27 |       0 |   0.0
        D:4 |      46 |       0 |   0.0 |       3 |       0 |   0.0
            +---------+---------+-------+---------+---------+-------
